Unix NetHack Version 5.0.0-0 post-release - last build Jun 10 2026 00:39:30 (3ee93aec679c4c4259841fe613dc97188e26a321,branch:main).

Game began 2026-06-23 21:14:35, ended 2026-06-23 21:22:05.

GdeVolpiano, neutral male human Archeologist

                ---
               --..-##     --
               |......-    .---
                .......|  -...--
                 |......  |....--
                 |......---.....--            |
       ...   - ---...............|          ..|
         -.... |..........)...- .|       ....-
          -..................--#.--- ........|
          |................)---.....G.......-
          |................h!G@).d.G........-
          |...... |.........---.)...........h-
          ------- --.......--  ....0 ...............
                   |...-----    .....   -- | --------
                   --.-         --.--
                    --            --
GdeVolpiano the Field Worker  St:12 Dx:10 Co:13 In:15 Wi:16 Ch:9  Neutral
Dlvl:4  $:45 HP:0(26) Pw:11(11) AC:10 Xp:3 T:1158 

Latest messages:
 The 2nd crossbow bolt hits the gnome lord.
 Indy bites the gnome lord.
 The gnome lord is killed!
 Indy eats a gnome lord corpse.
 The gnome shoots 2 crossbow bolts!
 The 1st crossbow bolt hits Indy!
 The 2nd crossbow bolt hits Indy!
 The gnome picks up a crossbow bolt.
 You hear crashing rock.
 Indy bites the gnome.
 The gnome is killed!
 You see here a crossbow bolt.
 The dwarf falls into a pit!
 You lash the gnome lord.
 You lash the gnome lord.
 You kill the gnome lord!
 The dwarf picks up a crossbow bolt.
 The gnome picks up a food ration.
 You lash the dwarf.
 The dwarf swings her broad pick.
 The dwarf hits!
 The gnome hits!
 You climb up the stairs.
 You descend the stairs.
 Indy misses the dwarf.
 The dwarf swings her broad pick.
 The dwarf hits!
 You lash the dwarf.
 Indy misses the dwarf.
 Indy misses the dwarf.
 You lash the dwarf.
 Indy misses the dwarf.
 The dwarf swings her broad pick.
 The dwarf hits!
 The gnome wields a crossbow!
 Indy bites the dwarf.
 The dwarf is killed!
 There are several objects here.
 The gnome shoots 2 crossbow bolts!
 You are almost hit by the 1st crossbow bolt.
 You catch the crossbow bolt! A - a crossbow bolt.
 B - a broad pick.
 What do you want to wield? [- axAB or ?*]
 B - a broad pick (weapon in hands).
 You miss the gnome.
 The gnome shoots 2 crossbow bolts!
 The 1st crossbow bolt misses Indy.
 You are hit by the 1st crossbow bolt.
 You die...
 Do you want your possessions identified? [ynq] (y)

Inventory:
 Coins    ('$')
  $ - 45 gold pieces
 Weapons  (')')
  A - a +0 crossbow bolt
  x - a +0 dagger
  a - a +2 bullwhip
  B - a +0 dwarvish mattock (weapon in hands)
 Comestibles  ('%')
  v - 2 uncursed cram rations
  u - an uncursed tripe ration
 Scrolls  ('?')
  w - an uncursed scroll of remove curse
  y - an uncursed scroll of teleportation
 Gems/Stones  ('*')
  z - an uncursed worthless piece of yellow glass

GdeVolpiano the Archeologist's attributes:

Background:
 You were a Field Worker, a level 3 male human Archeologist.
 You were neutral, on a mission for Camaxtli
 who was opposed by Quetzalcoatl (lawful) and Huhetotl (chaotic).
 You were right-handed.
 You were in the Gnomish Mines, on level 4.
 You entered the dungeon 1158 turns ago.
 You had 69 experience points, 11 more were needed to attain level 4.

Basics:
 You had 0 out of 26 hit points.
 You had all 11 energy points (spell power).
 Your armor class was 10.
 Your wallet contained 45 zorkmids.
 Autopickup was on for '$?!/="+' plus thrown, with exceptions.

Final Characteristics:
 Your strength was 12 (limit:18/100).
 Your dexterity was 10 (limit:18).
 Your constitution was 13 (limit:18).
 Your intelligence was 15 (limit:18).
 Your wisdom was 16 (limit:18).
 Your charisma was 9 (limit:18).

Final Status:
 You weren't hungry.
 You were unencumbered.
 You were wielding a mattock.
 You had basic skill with pick-axe.
 You weren't wearing any armor.

Final Attributes:
 You were devoutly aligned.
 You had automatic searching.
 You are dead.

Miscellaneous:
 You encountered 1 bones level.
 Total elapsed playing time was 7 minutes and 16 seconds.

Major events:
 Turn
    1: GdeVolpiano the neutral male human Archeologist entered the dungeon
  788: attained the rank of Field Worker (level 3)
  996: entered the Gnomish Mines
 1158: killed by a crossbow bolt

You didn't know any spells.

Skills:
 Fighting Skills
   bare handed combat [Unskilled]
   two weapon combat  [Unskilled]
   riding             [Unskilled]
 Weapon Skills
   dagger             [Unskilled]
   knife              [Unskilled]
   pick-axe           [Basic]
   short sword        [Unskilled]
   saber              [Unskilled]
   club               [Unskilled]
   quarterstaff       [Unskilled]
   sling              [Unskilled]
   dart               [Unskilled]
   boomerang          [Unskilled]
   whip               [Basic]
   unicorn horn       [Unskilled]
 Spellcasting Skills
   attack spells      [Unskilled]
   healing spells     [Unskilled]
   divination spells  [Unskilled]
   matter spells      [Unskilled]

Voluntary challenges:
 Character rerolling was not enabled.
 You never genocided any monsters.
 You never polymorphed an object.
 You never changed form.
 You used no wishes.
Achievements:
 You entered a shop.
 You attained the rank of Field Worker.
 You entered the Gnomish Mines.

 The Dungeons of Doom: levels 1 to 4
    Level 1:
       A sink.
    Level 2:
       A general store, some fountains, many trees.
    Level 3:
       Some fountains.
       Stairs down to The Gnomish Mines.
    Level 4:
       Final resting place for
          DaveT-Pri-Hum-Mal-Law, killed by an orc zombie.
 The Gnomish Mines:
    Level 4: <- You were here.
       Final resting place for
          you, killed by a crossbow bolt.


Vanquished creatures:
  2 wood nymphs
  2 gnome leaders
  a dwarf
  2 giant rats
  4 gnomes
  a gnome zombie
  8 jackals
  a fox
  a kobold
  a goblin
  a sewer rat
  2 grid bugs
  3 lichens
  4 newts
33 creatures vanquished.

No species were genocided or became extinct.

Game over:
                       ----------
                      /          \
                     /    REST    \
                    /      IN      \
                   /     PEACE      \
                  /                  \
                  |   GdeVolpiano    |
                  |      45 Au       |
                  |   killed by a    |
                  |  crossbow bolt   |
                  |                  |
                  |                  |
                  |       2026       |
                 *|     *  *  *      | *
        _________)/\\_//(\/(/\)/\//\/|_)_______

Goodbye GdeVolpiano the Archeologist...

You died in The Gnomish Mines on dungeon level 4 with 467 points,
and 45 pieces of gold, after 1158 moves.
You were level 3 with a maximum of 26 hit points when you died.

